 Dungeon Crawl Stone Soup version 0.27-a0-1202-ge72e49191c (webtiles) character file.

Game seed: 17977695378677816741

18 Gwenloh the Ducker (level 2, 0/21 HPs)
             Began as a Felid Berserker on June 3, 2021.
             Was a Follower of Trog.
             Slain by a kobold
             ... wielding a +2 short sword of electrocution
              (17 damage)
             ... on level 1 of the Dungeon.
             The game lasted 00:02:05 (996 turns).

Gwenloh the Ducker (Felid Berserker)                 Turns: 996, Time: 00:02:06

Health: 0/21       AC:  1    Str: 13    XL:     2   Next: 48%
Magic:  3/3        EV: 18    Int:  8    God:    Trog [*.....]
Gold:   23         SH:  0    Dex: 15    Spells: 1/1 levels left
                                        Lives:  0   Deaths: 0

rFire    . . .     SeeInvis +     - Unarmed
rCold    . . .     Faith    .   (shield unavailable)
rNeg     . . .     Spirit   .   (armour unavailable)
rPois    .         Reflect  .   (helmet unavailable)
rElec    .         Harm     .   (cloak unavailable)
rCorr    .         Rampage  .   (gloves unavailable)
Will     .....                  (boots unavailable)
Stlth    ..........             (no amulet)
HPRegen  0.07/turn              (no ring)
MPRegen  0.08/turn              (no ring)

@: berserking, very quick
A: very small, claws 1, fangs 3, see invisible, speed 1, shaggy fur 1, stealthy
paws, no weapons or thrown items, no armour, multi-lived
a: Renounce Religion, Berserk


You were on level 1 of the Dungeon.
You worshipped Trog.
Trog was aware of your devotion.
You visited 1 branch of the dungeon, and saw 1 of its levels.

You collected 23 gold pieces.

Inventory:

Scrolls
 a - a scroll of holy word {unknown}
 c - a scroll of enchant armour {unknown}
Potions
 b - a potion of curing {unknown}


   Skills:
 + Level 3.2 Fighting
 + Level 4.2 Dodging
 + Level 1.2 Stealth
 * Level 3.3 Unarmed Combat


You had one spell level left.
You didn't know any spells.
Your spell library was empty.

Dungeon Overview and Level Annotations

Branches:
Dungeon (1/15)

Altars:


Innate Abilities, Weirdness & Mutations

You have sharp claws.
You have razor-sharp teeth.
You have supernaturally acute eyesight. (SInv)
You cover ground quickly. (Speed+)
You are covered in fur. (AC +1)
Your paws help you pounce on unaware monsters.
You are incapable of wielding weapons or throwing items.
You cannot wear armour.
You gain extra lives every three experience levels.


Message History

The ball python is severely wounded.
The ball python misses you. x3; The ball python grabs you.
The ball python constricts you.
You closely miss the ball python. You bite the ball python.
You kill the ball python!
Trog accepts your kill.
Things that are here:
a +0 club; 2 stones
There is a huge open gate here.
There is a huge open gate here.
There is a huge open gate here.
Found a short sword.
A goblin comes into view. It is wielding a +0 dagger.
You see here 12 gold pieces.
You now have 23 gold pieces (gained 12).
The goblin shouts!
You claw the goblin!
You kill the goblin!
Trog accepts your kill.
You see here a +0 dagger.
Found a dagger.
You see here a +0 dagger.
There is an open door here.
You open the door.
There is an open door here.
A kobold comes into view.
It is wielding a +2 short sword of electrocution.
The kobold shouts!
Non-targeted abil: Berserk
Press: ? - help, Q - select action Dir - look around, f - activate Look: a kobold, wielding a +2 short sword of electrocution and quivering stones
Okay, then.
The kobold throws a stone.
The stone closely misses you.
A red film seems to cover your vision as you go berserk!
You feel yourself moving faster!
You feel mighty!
You barely miss the kobold. You closely miss the kobold.
The kobold hits you with a +2 short sword of electrocution.
You are electrocuted!
Ouch! That really hurt!
You die...

...................#
#######.##########.# #.#
#.# #.# #.# #.# #.# #.#
#.# ..# #.#
#.####################.#
......K@...............#
#.######################


You could see a kobold.

Vanquished Creatures
  A bat (D:1)
  2 endoplasms (D:1)
  A goblin (D:1)
  2 hobgoblins (D:1)
  3 jackals (D:1)
  A kobold (D:1)
  2 ball pythons (D:1)
  2 frilled lizards (D:1)
  A rat (D:1)
15 creatures vanquished.

Notes
Turn   | Place    | Note
-------+----------+-------------------------------------------
     0 | D:1      | Gwenloh the Felid Berserker began the quest for the Orb.
     0 | D:1      | Reached XP level 1. HP: 10/10 MP: 2/2
   435 | D:1      | Reached XP level 2. HP: 14/14 MP: 3/3
   477 | D:1      | Reached skill level 1 in Stealth
   486 | D:1      | Found a faded altar of an unknown god.
   996 | D:1      | Slain by a kobold

Illustrated notes

Levels and vault maps discovered:
D:1:      mrwooster_arrival_arrow, layout_basic,
          hellmonk_ecumenical_altar_heavens_door

Skill      XL: |  1  2 |
---------------+-------+-----
Stealth        | 1 |  1.2
Fighting       | |  3.2
Dodging        | |  4.2
Unarmed Combat | |  3.3

Action                   || total
-------------------------++-------
Melee: Unarmed           ||    44
       Bite              ||     3
       Punch             ||     1
Invok: Berserk           ||     2
Armor: Skin              ||     6
Dodge: Dodged            ||    26

Table legend: (Time is in decaauts)
 A = Elapsed time spent in this place.
 B = Non-inter-level travel time spent in this place.
 C = Inter-level travel time spent in this place.
 D = Time resting spent in this place.
 E = Time spent auto-exploring this place.
 F = Levels seen in this place.
 G = Mean time per level.
                   A        B        C        D        E       F      G
               +--------+--------+--------+--------+--------+-----+--------+
         Total |    882 |    882 |      0 |     25 |    730 |   1 |  882.0 |
       Dungeon |    882 |    882 |      0 |     25 |    730 |   1 |  882.0 |
               +--------+--------+--------+--------+--------+-----+--------+

Top non-repeatable levels by time:
     D:1: 882 daAuts
